 Dungeon Crawl Stone Soup version 0.26-a0-639-g72c4674329 (webtiles) character file.

Game seed: 9003574888417449496

46 Colgate the Ruffian (level 3, 0/32 HPs)
             Began as a Troll Transmuter on Sept 16, 2020.
             Slain by a hobgoblin
             ... wielding a +0 club
             ... led by Robin
              (5 damage)
             ... on level 2 of the Dungeon.
             The game lasted 00:06:39 (1047 turns).

Colgate the Ruffian (Troll Transmuter)              Turns: 1047, Time: 00:06:40

Health: 0/32       AC:  6    Str: 18    XL:     3   Next: 46%
Magic:  3/3        EV: 10    Int: 10    God:
Gold:   70         SH:  0    Dex: 10    Spells: 3/4 levels left

rFire    . . .     SeeInvis .     - Unarmed
rCold    + . .     Faith    .   (no shield)
rNeg     . . .     Spirit   .   a - +0 robe
rPois    .         Reflect  .   (helmet restricted)
rElec    .         Harm     .   (no cloak)
rCorr    .         Rampage  .   (gloves unavailable)
MR       .....                  (boots unavailable)
Stlth    +.........             (no amulet)
HPRegen  0.50/turn              j - ring of protection from cold
MPRegen  0.08/turn              (no ring)

@: no status effects
A: large, unfitting armour, claws 3, regeneration 1, shaggy fur 1, tough skin 3
a: no special abilities


You were on level 2 of the Dungeon.
You visited 1 branch of the dungeon, and saw 2 of its levels.

You collected 70 gold pieces.

Inventory:

Hand Weapons
 b - a +0 hunting sling
Missiles
 d - 110 stones (quivered)
 h - 6 sling bullets
Armour
 a - a +0 robe (worn)
Jewellery
 j - a ring of protection from cold (left claw)
Scrolls
 c - a scroll of enchant armour {unknown}
 g - 2 scrolls of identify {unknown}
 k - 2 scrolls of magic mapping {unknown}
 l - a scroll of teleportation {unknown}
Potions
 e - a potion of mutation {unknown}
 f - a potion of curing {unknown}
 i - a potion of might {unknown}


   Skills:
 - Level 0.7 Fighting
 - Level 1.5 Dodging
 + Level 4.5 Unarmed Combat
 - Level 1.2 Spellcasting
 - Level 1.3 Transmutations


You had 3 spell levels left.
You knew the following spells:

 Your Spells              Type           Power        Failure   Level
a - Beastly Appendage     Tmut           #.....       19%         1

Your spell library contained the following spells:

 Spells                   Type           Power        Failure   Level
 Wereblood                Tmut           #.......     28%         2
 Spider Form              Tmut/Pois      #.........   58%         3
 Ice Form                 Ice/Tmut       #.......     94%         4
 Blade Hands              Tmut           #.........   99%         5


Dungeon Overview and Level Annotations

Branches:
Dungeon (2/15)

Altars:

Annotations:
D:2 Robin


Innate Abilities, Weirdness & Mutations

You are too large for most types of armour.
You have claws for hands.
Your natural rate of healing is unusually fast.
You are covered in fur. (AC +1)
You have extremely tough skin. (AC +3)


Message History

The hobgoblin barely misses you. The goblin barely misses you.
You claw the goblin!
You kill the goblin!
The goblin closely misses you. The hobgoblin hits you with a +0 club.
You scratch the goblin.
You kill the goblin!
Robin throws the goblin at you!
A goblin comes into view.
The hobgoblin barely misses you.
You closely miss the goblin. The goblin barely misses you.
You scratch the goblin.
The goblin is severely wounded.
The hobgoblin hits you with a +0 club!
* * * LOW HITPOINT WARNING * * *
The goblin barely misses you.
You scratch the goblin but do no damage.
The goblin is heavily wounded.
The hobgoblin no longer looks unusually strong.
The hobgoblin hits you with a +0 club.
You die...

#
#..)...........#
#
#.####.........#
# #.#
##......###
###.# ##.....#
....# #.....#
##### #.....## .
#......# ...
#....(g###g....
#.....)@ggg(g..
#.....)#####(..
######.# #.# ...
#.## #.. ###


You could see Robin, 2 hobgoblins and 3 goblins.

Vanquished Creatures
  A worm (D:2)
  A dart slug (D:1)
  A leopard gecko (D:1)
  A ball python (D:2)
  3 bats
  2 giant cockroaches
  11 goblins
  6 hobgoblins
  2 jackals (D:2)
  A frilled lizard (D:2)
  5 kobolds
  4 rats
38 creatures vanquished.

Notes
Turn   | Place    | Note
-------+----------+-------------------------------------------
     0 | D:1      | Colgate the Troll Transmuter began the quest for the Orb.
     0 | D:1      | Reached XP level 1. HP: 18/18 MP: 1/1
   112 | D:1      | Reached XP level 2. HP: 17/26 MP: 2/2
   239 | D:1      | Reached skill level 4 in Unarmed Combat
   833 | D:2      | Reached XP level 3. HP: 32/32 MP: 3/3
  1031 | D:2      | Noticed Robin
  1047 | D:2      | Slain by a hobgoblin

Illustrated notes

Levels and vault maps discovered:
D:1:      dpeg_arrival_morbid_curiosity, layout_basic,
          wad_floor_pattern_untrapped
D:2:      layout_basic, uniq_robin

Skill      XL: |  1  2 |
---------------+-------+-----
Unarmed Combat | 4 |  4.5
Fighting       | |  0.7
Dodging        | |  1.5
Spellcasting   | |  1.2
Transmutations | |  1.3

Action                   || total
-------------------------++-------
Melee: Unarmed           ||    25
       Headbutt          ||     2
       Kick              ||     1
 Fire: Hunting sling     ||    71
Throw: Stone             ||     3
 Cast: Beastly Appendage ||     4
Armor: Robe              ||    20
Dodge: Dodged            ||    37

Table legend: (Time is in decaauts)
 A = Elapsed time spent in this place.
 B = Non-inter-level travel time spent in this place.
 C = Inter-level travel time spent in this place.
 D = Time resting spent in this place.
 E = Time spent auto-exploring this place.
 F = Levels seen in this place.
 G = Mean time per level.
                   A        B        C        D        E       F      G
               +--------+--------+--------+--------+--------+-----+--------+
         Total |   1050 |   1025 |     25 |      0 |    825 |   2 |  525.0 |
       Dungeon |   1050 |   1025 |     25 |      0 |    825 |   2 |  525.0 |
               +--------+--------+--------+--------+--------+-----+--------+

Top non-repeatable levels by time:
     D:1: 830 daAuts
     D:2: 220 daAuts
